 Dungeon Crawl Stone Soup version 0.28.0-45-g0d030f2227 (webtiles) character file.

Game seed: 2534841952518505745

65 CryoSword the Firebug (level 3, 0/28 HPs)
             Began as a Demigod Fire Elementalist on Apr 8, 2022.
             Slain by a gnoll
             ... wielding a +0 flail
              (11 damage)
             ... on level 3 of the Dungeon.
             The game lasted 00:02:20 (2317 turns).

CryoSword the Firebug (Demigod Fire Elementalist)   Turns: 2317, Time: 00:02:21

Health: 0/28       AC:  3    Str:  9    XL:     3   Next: 67%
Magic:  7/8        EV: 12    Int: 21    God:
Gold:   105        SH:  0    Dex: 14    Spells: 2/5 levels left

rFire   . . .      SeeInvis .   j - +0 short sword
rCold   . . .      Faith    .   (no shield)
rNeg    . . .      Spirit   .   a - +0 robe
rPois   .          Reflect  .   (no helmet)
rElec   .          Harm     .   (no cloak)
rCorr   .          Rampage  .   k - +0 pair of gloves
Will    .....                   (no boots)
Stlth   ++........              (no amulet)
HPRegen 0.09/turn               (no ring)
MPRegen 0.11/turn               (no ring)

@: no status effects
A: high MP 1, forlorn, divine attributes
a: no special abilities


You were on level 3 of the Dungeon.
You visited 1 branch of the dungeon, and saw 3 of its levels.

You collected 105 gold pieces.

Inventory:

Hand Weapons
 j - a +0 short sword (weapon)
   (You found it on level 1 of the Dungeon)
Missiles
 b - 2 boomerangs
 m - 5 poisoned darts
Armour
 a - a +0 robe (worn)
 k - a +0 pair of gloves (worn)
   (You found it on level 2 of the Dungeon)
Scrolls
 c - a scroll of teleportation {unknown}
 d - a scroll of summoning {unknown}
 e - 3 scrolls of identify {unknown}
 g - 4 scrolls of vulnerability {unknown}
 h - a scroll of fear {unknown}
 l - a scroll of enchant armour {unknown}
Potions
 f - 2 potions of lignification {unknown}
 i - a potion of resistance {unknown}
 n - a potion of curing {unknown}


   Skills:
 + Level 1.1 Fighting
 - Level 1.7 Dodging
 + Level 2.2 Stealth
 - Level 1.7 Spellcasting
 * Level 2.0 Conjurations
 * Level 3.3 Fire Magic


You had 2 spell levels left.
You knew the following spells:

 Your Spells              Type           Power      Damage    Failure   Level
a - Foxfire               Conj/Fire      52%        2x1d6     4%          1
b - Scorch                Fire           30%        2d7       6%          2

Your spell library contained the following spells:

 Spells                   Type           Power      Damage    Failure   Level
 Conjure Flame            Conj/Fire      13%        6-21      16%         3
 Inner Flame              Hex/Fire       8%         N/A       22%         3
 Flame Wave               Conj/Fire      13%        2d6       45%         4


Dungeon Overview and Level Annotations

Branches:
Dungeon (3/15)


Innate Abilities, Weirdness & Mutations

You have an increased reservoir of magic. (+10% MP)
You shall have no god before yourself.
Your divine heritage dramatically boosts your attributes as you level up.


Message History

You finish putting on your +0 pair of gloves.
Found a whip.
Found a stone staircase leading up.
l - a scroll labelled RIEDEX OSUTZ A bat is nearby!
A bat is nearby!
You conjure some foxfire!
You conjure some foxfire!
The foxfire hits the bat.
The foxfire hits the bat but does no damage.
The bat closely misses you.
You conjure some foxfire!
The foxfire hits the bat.
You kill the bat!
You conjure some foxfire!
Found 20 arrows.
e - 2 scrolls labelled GUMOIPUTUNT (gained 1)
Found a stone staircase leading down.
m - 5 poisoned darts You now have 88 gold pieces (gained 7).
Key pressed, stopping explore.
Things that are here:
a +0 dagger; a stone
There is a stone staircase leading up here.
Found a stone staircase leading down.
A jackal comes into view.
A jackal is nearby!
A jackal is nearby!
A jackal is nearby!
A jackal comes into view.
The jackal barks!
You hear a bark! x2
A jackal comes into view.
You conjure some foxfire!
The jackal barks!
The foxfire hits the jackal but does no damage.
You conjure some foxfire!
You conjure some foxfire!
The foxfire hits the jackal.
You kill the jackal!
The foxfire hits the jackal.
You kill the jackal!
A jackal comes into view.
The foxfire hits the jackal.
Your Conjurations skill increases to level 2!
You miscast Foxfire.
You are very lightly contaminated with residual magic.
Nothing appears to happen.
The foxfire hits the jackal.
You kill the jackal!
The foxfire hits the jackal but does no damage.
You conjure some foxfire!
You conjure some foxfire!
The foxfire hits the jackal but does no damage.
The foxfire hits the jackal. x2
You kill the jackal!
You conjure some foxfire!
Your magical contamination has completely faded away.
Things that are here:
a jackal corpse; a jackal corpse
Things that are here:
a jackal corpse; a jackal corpse Could not explore, unopened door.
Could not explore, unopened door.
Could not explore, unopened door.
You open the door.
There is an open door here.
There is an open door here.
Could not explore, unopened door.
Could not explore, unopened door.
You open the door.
There is an open door here.
Could not explore, unopened door.
Could not explore, unopened door.
As you open the door, it creaks loudly!
There is an open door here.
You now have 105 gold pieces (gained 17).
e - 3 scrolls labelled GUMOIPUTUNT (gained 1) Could not explore, unopened door.
Could not explore, unopened door.
As you open the door, it creaks loudly!
You hear an angry hiss.
A ball python comes into view.
Found a dagger.
The ball python hisses angrily.
There is an open door here.
A ball python is nearby!
A ball python is nearby!
You hit the ball python but do no damage.
The ball python barely misses you. The ball python grabs you.
The ball python constricts you.
You conjure some foxfire!
The ball python completely misses you. The ball python constricts you.
Flames lash the ball python.
You kill the ball python!
You see here a ball python corpse.
There is an open door here.
There is an open door here.
Could not explore, unopened door.
Could not explore, unopened door.
Could not explore, unopened door.
As you open the door, it creaks loudly!
Done exploring.
Done exploring.
Done exploring.
There is a stone staircase leading down here.
You climb downwards.
There is a stone staircase leading up here.
A hobgoblin comes into view.
A hobgoblin is nearby!
A hobgoblin is nearby!
You conjure some foxfire!
You conjure some foxfire!
You conjure some foxfire!
The foxfire hits the hobgoblin.
The hobgoblin shouts!
You conjure some foxfire!
The foxfire hits the hobgoblin.
Flames lash the hobgoblin.
You kill the hobgoblin!
You hear a shout!
A goblin comes into view. It is wielding a +0 club.
A goblin is nearby!
A goblin is nearby!
You conjure some foxfire!
You conjure some foxfire!
The foxfire hits the goblin. x2
You kill the goblin!
You don't have enough magic to cast this spell.
You see here a hobgoblin corpse.
n - a brown potion Could not explore, unopened door.
Could not explore, unopened door.
You open the door.
A sky beast and 4 gnolls come into view.
The sky beast moves out of view.
There are monsters nearby!
There are monsters nearby!
You conjure some foxfire!
The gnoll shouts! x2
The gnoll hits you from afar with a +0 spear.
The foxfire hits the gnoll.
You conjure some foxfire!
The foxfire hits the gnoll. x2
The gnoll throws a throwing net.
The throwing net hits you.
You become entangled in the net!
You see here a throwing net.
You struggle against the net.
You tear a large gash into the net.
You struggle against the net.
The gnoll hits you from afar with a +0 halberd!
You struggle against the net.
The gnoll hits you with a +0 whip.
* * * LOW HITPOINT WARNING * * *
The gnoll hits you from afar with a +0 halberd.
* * * LOW HITPOINT WARNING * * *
You rip the net and break free!
The gnoll hits you with a +0 flail!
You die...

#.♣..P♣ ..
#.♣P..♣ .##
#.♣P.P♣ ....
#.♣♣.P♣ .....
#.♣♣.♣♣#....♣♣
#......'......
###gY..###....♣♣
#ggg............
#@##############
#.#....######
#.#.#.......#
#.#.#...P...
#...........
###....♣♣PP
###.♣♣♣♣...
#)P..♣


P.P . #.†..♣ .P♣♣ .. You could see a sky beast and 4 gnolls.

Vanquished Creatures
  2 adders (D:2)
  5 ball pythons
  4 bats
  3 endoplasms
  4 giant cockroaches
  3 hobgoblins
  7 jackals (D:2)
  2 quokkas
  3 goblins
  6 kobolds
  2 rats (D:2)
41 creatures vanquished.

Vanquished Creatures (collateral kills)
  2 foxfires (D:3)
2 creatures vanquished.

Vanquished Creatures (others)
  124 foxfires
  2 plants (D:3)
126 creatures vanquished.

Grand Total: 169 creatures vanquished

Notes
Turn   | Place    | Note
-------+----------+-------------------------------------------
     0 | D:1      | CryoSword the Demigod Fire Elementalist began the quest for
                  | the Orb.
     0 | D:1      | Reached XP level 1. HP: 14/14 MP: 5/5
   251 | D:1      | Reached skill level 1 in Conjurations
   677 | D:1      | Reached XP level 2. HP: 22/22 MP: 7/7
   689 | D:1      | Learned a level 2 spell: Scorch
   760 | D:1      | Reached skill level 3 in Fire Magic
  1330 | D:2      | Reached XP level 3. HP: 27/27 MP: 2/8
  1332 | D:2      | Reached skill level 1 in Fighting
  2303 | D:3      | Noticed a sky beast
  2317 | D:3      | Slain by a gnoll

Illustrated notes

Levels and vault maps discovered:
D:1:      eino_arrival_cavern_c, layout_loops_cross,
          ebering_ecumenical_altar_webs, minmay_tetromino_s2
D:2:      layout_basic
D:3:      layout_basic, nzn_wu_jian_contemplation, serial_forest,
          infiniplex_forest_lined_room_2, infiniplex_forest_straight_3,
          infiniplex_forest_lined_room_2, infiniplex_forest_straight_5,
          infiniplex_forest_straight_2, infiniplex_forest_clump_large,
          infiniplex_forest_corner_2, infiniplex_forest_lined_2,
          infiniplex_forest_clump_large, infiniplex_forest_clump_double

Skill      XL: |  1  2  3 |
---------------+----------+-----
Conjurations   | 1 2 |  2.0
Stealth        | 2 |  2.2
Fire Magic     | 3 |  3.3
Fighting       | 1 |  1.1
Dodging        | |  1.7
Spellcasting   | |  1.7

Action                   || total
-------------------------++-------
Melee: Short sword       ||    13
       Whip              ||     5
 Cast: Foxfire           ||    84
       Scorch            ||     9
 Stab: Sleeping          ||     2
Armor: Robe              ||     5
Dodge: Dodged            ||    23
